 Dungeon Crawl Stone Soup version 0.19-a0-665-g79b24d5 (webtiles) character file.

1828 Folque01 the Chiller (level 9, -15/61 HPs)
             Began as a Human Wanderer on June 16, 2016.
             Hit by a stone thrown by an orc warrior (16 damage)
             ... on level 7 of the Dungeon.
             The game lasted 01:09:27 (7816 turns).

Folque01 the Chiller (Human Wanderer)               Turns: 7816, Time: 01:09:27

Health: -15/61     AC:  8    Str: 14    XL:     9   Next: 32%
Magic:  0/16       EV: 11    Int: 17    God:
Gold:   381        SH:  0    Dex: 12    Spells: 6 memorised, 4 levels left

rFire  . . .     SeeInvis +     A - +3 whip "Ihadoe" {slash, MR++ Int+2 Stlth+}
rCold  . . .     Gourm    .     d - +2 robe
rNeg   . . .     Faith    .     (no shield)
rPois  .         Spirit   .     y - +2 helmet {SInv}
rElec  .         Dismiss  .     (no cloak)
rCorr  .         Reflect  .     s - +0 pair of gloves
SustAt .         Harm     .     (no boots)
MR     ++...                    (no amulet)
Stlth  +++.......               (no ring)
                                (no ring)

@: very resistant to hostile enchantments, fairly stealthy
A: no striking features
a: no special abilities


You were on level 7 of the Dungeon.
You were hungry.

You visited 1 branch of the dungeon, and saw 7 of its levels.
You also visited: Sewer.

You collected 381 gold pieces.

Inventory:

Hand Weapons
 e - a +0 club
 f - a +0 dagger
 h - a +2 spear
 t - the +9 whip of Neffeh {pain, rElec MR+++ Str+4 Int-4, unknown}
   (You found it on level 5 of the Dungeon)

   In the hands of one skilled in necromantic magic, it inflicts extra damage on
   living creatures.
   It affects your strength (+4).
   It affects your intelligence (-4).
   It insulates you from electricity.
   It affects your resistance to hostile enchantments.
 A - the +3 whip "Ihadoe" (weapon) {slash, MR++ Int+2 Stlth+}
   (You found it on level 4 of the Dungeon)

   It inflicts extra damage upon your enemies.
   It affects your intelligence (+2).
   It affects your resistance to hostile enchantments.
   It makes you more stealthy.
Armour
 d - a +2 robe (worn)
 s - a +0 pair of gloves (worn)
 y - a +2 helmet of see invisible (worn)
 L - a +0 cloak
Jewellery
 m - an uncursed amulet of faith
 J - an uncursed ring of positive energy {unknown}
Wands
 K - a wand of polymorph (10/24)
Scrolls
 r - 2 scrolls of magic mapping
 z - a scroll of recharging {unknown}
 E - a scroll of vulnerability {unknown}
 H - 3 scrolls of teleportation
Potions
 i - a potion of resistance {unknown}
 j - 2 potions of curing {unknown}
 k - a potion of mutation {unknown}
 l - 3 potions of magic {unknown}
 n - 3 potions of brilliance {unknown}
 o - 4 potions of might {unknown}
 v - 2 potions of agility {unknown}
 x - a potion of haste {unknown}
 B - a potion of cancellation {unknown}
 D - a potion of flight {unknown}
 I - a potion of lignification {unknown}
Books
 a - a book of Minor Magic

   Spells                             Type                      Level
   a - Magic Dart                     Conjuration                  1
   b - Blink                          Translocation                2
   c - Call Imp                       Summoning                    2
   d - Repel Missiles                 Charms/Air                   2
   e - Slow                           Hexes                        2
   f - Conjure Flame                  Conjuration/Fire             3
   g - Mephitic Cloud                 Conjuration/Poison/Air       3
 b - the Almanac of Venom

   Spells                             Type                      Level
   a - Sting                          Conjuration/Poison           1
   b - Ignite Poison                  Fire/Transmutation/Poison    3
 c - the Volume of the Snowflakes

   Spells                             Type                      Level
   a - Throw Frost                    Conjuration/Ice              2
   b - Ensorcelled Hibernation        Hexes/Ice                    2
 q - a book of Dreams

   Spells                             Type                      Level
   a - Ensorcelled Hibernation        Hexes/Ice                    2
   b - Silence                        Hexes/Air                    5
   c - Darkness                       Hexes                        6
   d - Shadow Creatures               Summoning                    6
 w - a book of Frost

   Spells                             Type                      Level
   a - Freeze                         Ice                          1
   b - Throw Frost                    Conjuration/Ice              2
   c - Ozocubu's Armour               Charms/Ice                   3
   d - Throw Icicle                   Conjuration/Ice              4
   e - Summon Ice Beast               Ice/Summoning                4
Comestibles
 g - 3 bread rations
 p - a slice of pizza
 u - 2 meat rations
 C - 5 chunks of flesh
 F - 6 fruits
 G - 2 beef jerkies


   Skills:
 - Level 2.0 Fighting
 - Level 1.8(2.0) Polearms
   Level 1.0(1.5) Staves
 - Level 3.0 Stealth
 * Level 4.7 Spellcasting
 - Level 3.2 Conjurations
 - Level 5.0 Summonings
 - Level 4.1 Translocations
 - Level 5.1 Ice Magic
 - Level 3.1 Air Magic
 - Level 3.0 Poison Magic
 - Level 1.0 Evocations


You had 4 spell levels left.
You knew the following spells:

 Your Spells              Type           Power        Failure   Level  Hunger
a - Sting                 Conj/Pois      ##..         4%          1    None
b - Magic Dart            Conj           ##..         4%          1    None
c - Mephitic Cloud        Conj/Pois/Air  ##......     14%         3    ###....
d - Blink                 Tloc           N/A          4%          2    #......
e - Call Imp              Summ           ###.....     2%          2    #......
f - Summon Ice Beast      Ice/Summ       ###.....     21%         4    ####...


Dungeon Overview and Level Annotations

Branches:
Dungeon (7/15)
 Temple: D:4-7

Altars:
Dithmenos
Elyvilon
Makhleb
Nemelex Xobeh
Okawaru
Ru
Vehumet
Yredelemnul

Shops:
D:6 =


Message History

Press: ? - help, Shift-Dir - straight line, f/p - orc warrior
Aim: an orc warrior, wielding a trident, wearing a chain mail and wearing a shiny brass ring (almost dead, hasn't noticed you)
The sting hits the orc warrior.
The orc warrior appears unharmed.
The orc warrior is almost dead.
The orc warrior shouts!
The orc warrior hits you from afar with a trident!
* * * LOW HITPOINT WARNING * * *
Casting: Sting
Confirm with . or Enter, or press ? or * to list all spells.
Aiming: Sting
Press: ? - help, Shift-Dir - straight line, f/p - orc warrior
Aim: an orc warrior, wielding a trident, wearing a chain mail and wearing a shiny brass ring (almost dead)
The sting hits the orc warrior.
The orc warrior appears unharmed.
The orc warrior is almost dead.
The orc warrior hits you from afar with a trident!
* * * LOW HITPOINT WARNING * * *
Casting: Sting
Confirm with . or Enter, or press ? or * to list all spells.
You blink.
The orc warrior throws a stone.
The stone hits you!
You die...

.#)#.###............# #.....###
..≈)..(............####..##...#
..≈........†.......##....####.#
..≈.?.....)#......###.#.## #.##
..≈....≈.o†§(.....).....# #..#
..≈..###.#...._..##((..#######.##
.#≈#. #.###........##......##.##
≈≈≈# ##.# #........#######......
. #..# #.#..@.######.........
#..###.#.#..###....######..
#...............#### ###
###.[.#.........### #
.....#.....####..# # ...#...).#
##.## #.#.....# #..# # #...[[..#
##.# .# # ##.>#....# #.## .)#


You could see an orc warrior.

Vanquished Creatures
  Pikel (D:6)
  Sigmund (D:5)
  A slave (D:5)
  2 ice beasts
  A phantom (D:4)
  Blork the orc (D:5)
  3 giant frogs
  A howler monkey (D:6)
  A hound (D:6)
  A centaur skeleton (D:4)
  3 orc priests (D:5)
  Crazy Yiuf (D:5)
  3 orc wizards (D:5)
  A worker ant (D:4)
  A hound skeleton (D:4)
  6 adders
  A gnoll (D:7)
  A river rat (D:3)
  An ooze (D:3)
  An adder skeleton (D:4)
  3 worms
  3 dart slugs
  2 giant geckos (D:2)
  9 orcs
  13 giant cockroaches
  6 goblins
  7 hobgoblins
  A quokka (D:2)
  4 ball pythons (Sewer)
  10 bats
  2 giant cockroach zombies
  8 giant newts
  A jackal skeleton (D:4)
  8 kobolds
  7 rats
116 creatures vanquished.

Vanquished Creatures (collateral kills)
  A sky beast (D:7)
  A centaur (D:7)
  A giant frog (D:7)
  A scorpion (D:7)
  2 gnolls (D:7)
  A giant gecko (D:6)
  3 orcs (D:7)
  A quokka (D:7)
11 creatures vanquished.

Vanquished Creatures (others)
  2 gnolls (D:6)
  An orc (D:5)
3 creatures vanquished.

Grand Total: 130 creatures vanquished

Notes
Turn   | Place    | Note
--------------------------------------------------------------
     0 | D:1      | Folque01 the Human Wanderer began the quest for the Orb.
     0 | D:1      | Folque01 set off with: a book of Minor Magic, the Almanac of Venom, the Volume of the Snowflakes, a +0 robe, a +0 club, a +0 dagger, a bread ration
     0 | D:1      | Reached XP level 1. HP: 13/13 MP: 4/4
     0 | D:1      | Identified the Almanac of Venom
     0 | D:1      | Identified the Volume of the Snowflakes
     2 | D:1      | Learned a level 1 spell: Sting
     4 | D:1      | Learned a level 1 spell: Magic Dart
   190 | D:1      | Reached XP level 2. HP: 19/19 MP: 3/6
   231 | D:1      | Reached skill level 1 in Conjurations
   916 | D:2      | Reached XP level 3. HP: 24/24 MP: 7/7
  1224 | D:2      | Learned a level 3 spell: Mephitic Cloud
  1632 | D:2      | Found a faded altar of an unknown god.
  2124 | D:2      | Reached XP level 4. HP: 26/30 MP: 5/8
  2314 | D:2      | Learned a level 2 spell: Blink
  2319 | D:3      | Found an iron altar of Okawaru.
  2557 | D:3      | Found a shadowy altar of Dithmenos.
  2687 | D:3      | Found a glowing drain.
  2875 | Sewer    | Entered a sewer
  3176 | Sewer    | Reached XP level 5. HP: 29/35 MP: 4/9
  3432 | Sewer    | Noticed a giant frog
  3445 | Sewer    | Killed a giant frog
  3445 | Sewer    | Reached skill level 1 in Polearms
  3633 | D:3      | Found a sacrificial altar of Ru.
  3801 | D:3      | Reached XP level 6. HP: 44/44 MP: 7/10
  4117 | D:4      | Got a faintly glowing whip
  4118 | D:4      | Identified the cursed +3 whip "Ihadoe" {slash, MR++ Int+2 Stlth+} (You found it on level 4 of the Dungeon)
  4159 | D:4      | Reached skill level 1 in Air Magic
  4579 | D:4      | Noticed a phantom
  4666 | D:4      | Killed a phantom
  4853 | D:5      | Entered Level 5 of the Dungeon
  5045 | D:5      | Found a burning altar of Makhleb.
  5053 | D:5      | Got a bloodstained whip
  5132 | D:5      | Noticed Blork the orc
  5147 | D:5      | Killed Blork the orc
  5147 | D:5      | Reached skill level 1 in Translocations
  5147 | D:5      | Reached XP level 7. HP: 50/50 MP: 0/11
  5156 | D:5      | Found a white marble altar of Elyvilon.
  5168 | D:5      | Learned a level 2 spell: Call Imp
  5289 | D:5      | Noticed Sigmund
  5311 | D:5      | Killed Sigmund
  5851 | D:5      | Reached XP level 8. HP: 32/56 MP: 2/12
  6090 | D:5      | Noticed Crazy Yiuf
  6100 | D:5      | Killed Crazy Yiuf
  6106 | D:5      | Learned a level 4 spell: Summon Ice Beast
  6257 | D:6      | Noticed Pikel
  6468 | D:6      | Reached skill level 1 in Ice Magic
  6523 | D:6      | Found a basalt altar of Yredelemnul.
  6618 | D:6      | Found Werredd's Jewellery Boutique.
  6629 | D:6      | Killed Pikel
  6953 | D:6      | Reached XP level 9. HP: 54/61 MP: 10/13
  7118 | D:6      | Found a sparkling altar of Nemelex Xobeh.
  7197 | D:6      | Reached skill level 5 in Summonings
  7454 | D:7      | Reached skill level 5 in Ice Magic
  7547 | D:7      | Found a radiant altar of Vehumet.
  7815 | D:7      | HP: 1/61 [orc warrior/trident (11)]
  7816 | D:7      | Hit by a stone thrown by an orc warrior

Vault maps used:
D:1:      lightli_arrival_flooded_house, minmay_misc_feat_plants
D:2:      ecumenical_altar_2
D:3:      lemuel_doored_altar, okawaru_gym_becter, portal_sewer_entry_b,
          grunt_dithmenos_smoke_and_mirrors
D:4:      first_bread
D:5:      bloody_makhleb, elyvilon_altar_1, serial_bayou_pond_e,
          uniq_crazy_yiuf_cottage, uniq_blork_the_orc, uniq_sigmund
D:6:      overflow_temple_1_default, basic_altar, serial_shops,
          nicolae_shop_stone, uniq_pikel
D:7:      lemuel_zombie_altar_yredelemnul, minmay_temple_entry_water_ring,
          basic_altar
Sewer:    sewer_frog_island_01

Skill      XL: |  1  2  3  4  5  6  7  8  9 |
---------------+----------------------------+-----
Conjurations   | 1 2 3 |  3.2
Poison Magic   | 2 3 |  3.0
Fighting       | 2 |  2.0
Polearms       | 1 |  1.8
Air Magic      | 3 |  3.1
Translocations | 1 4 |  4.1
Summonings     | 2 4 5 |  5.0
Ice Magic      | 4 5 |  5.1
Spellcasting   | 4 |  4.7
Staves         | |  1.0
Stealth        | |  3.0
Evocations     | |  1.0

Action                   |  1- 3 |  4- 6 |  7- 9 || total
-------------------------+-------+-------+-------++-------
Melee: Spear             |    76 |    78 |       ||   154
       Whip              |       |    17 |   134 ||   151
 Cast: Magic Dart        |    13 |    77 |    33 ||   123
       Sting             |    15 |    70 |    57 ||   142
       Mephitic Cloud    |       |     2 |    12 ||    14
       Blink             |       |     1 |     3 ||     4
       Summon Ice Beast  |       |       |     6 ||     6
       Call Imp          |       |       |     5 ||     5
  Use: Scroll            |     6 |     9 |       ||    15
 Stab: Sleeping          |     6 |     2 |       ||     8
       Distracted        |     1 |       |       ||     1
       Confused          |       |     1 |     5 ||     6
  Eat: Chunk             |     4 |    12 |     9 ||    25
       Pizza             |       |       |     1 ||     1
Armor: Robe              |    10 |    30 |    63 ||   103
Dodge: Dodged            |    31 |    44 |    94 ||   169
